 Dungeon Crawl Stone Soup version 0.22.0-35-ge4bf2f5f59 (webtiles) character file.

4246 Hanswurst the Cleaver (level 10, -3/88 HPs)
             Began as a Hill Orc Wanderer on Aug 22, 2018.
             Was a Believer of Wu Jian.
             Slain by a troll (9 damage)
             ... on level 9 of the Dungeon on Aug 23, 2018.
             The game lasted 01:38:03 (10289 turns).

Hanswurst the Cleaver (Hill Orc Wanderer)          Turns: 10289, Time: 01:38:03

Health: -3/88      AC: 13    Str: 21    XL:     10   Next: 30%
Magic:  10/10      EV:  7    Int:  9    God:    Wu Jian [**....]
Gold:   478        SH: 13    Dex: 13    Spells: 9/9 levels left

rFire    + . .     SeeInvis .   c - +0 war axe
rCold    + + .     Gourm    .   U - +0 large shield
rNeg     . . .     Faith    .   M - +2 scale mail {rC+}
rPois    .         Spirit   .   y - +0 helmet
rElec    .         Reflect  .   b - scarf {rC+ rF+}
rCorr    .         Harm     .   Q - +0 pair of gloves
MR       +....                  (no boots)
Stlth    +.........             r - amulet of regeneration
HPRegen  0.64/turn              x - ring of protection from magic
MPRegen  0.12/turn              J - +2 ring of strength

@: no status effects
A: no striking features
a: Wall Jump, Renounce Religion


You were on level 9 of the Dungeon.
You worshipped Wu Jian.
Wu Jian was pleased with you.
You were not hungry.

You visited 2 branches of the dungeon, and saw 10 of its levels.

You collected 478 gold pieces.

Inventory:

Hand Weapons
 a - a +2 short sword
 c - a +0 war axe (weapon)
 g - a +2 dire flail of crushing
 l - a +0 hand axe
 A - a +0 mace of crushing
Missiles
 k - 19 tomahawks (quivered)
 m - 309 stones
 G - 8 javelins
Armour
 b - a scarf of resistance (worn)
 h - a +0 buckler
 y - a +0 helmet (worn)
 D - a +0 leather armour of poison resistance
 M - a +2 scale mail of cold resistance (worn)
 Q - a +0 pair of gloves (worn)
 U - a +0 large shield (worn)
 V - a +0 plate armour
Magical Staves
 P - an uncursed staff of poison {unknown}
Jewellery
 q - an uncursed ring of positive energy
 r - an amulet of regeneration (around neck)
 x - a ring of protection from magic (left hand)
 J - a +2 ring of strength (right hand)
Wands
 w - a wand of random effects (9)
 C - a wand of polymorph (16)
 E - a wand of digging (9)
Scrolls
 j - 3 scrolls of remove curse {unknown}
 n - a scroll of silence {unknown}
 o - 9 scrolls of identify
 p - a scroll of random uselessness {unknown}
 t - 4 scrolls of blinking {unknown}
 u - a scroll of amnesia {unknown}
 B - a scroll of enchant armour {unknown}
 F - 2 scrolls of fog {unknown}
 H - 3 scrolls of teleportation
 K - 2 scrolls of magic mapping {unknown}
 L - 2 scrolls of enchant weapon {unknown}
 N - a scroll of torment {unknown}
 R - a scroll of noise {unknown}
 T - a scroll of vulnerability {unknown}
Potions
 d - a potion of flight {unknown}
 e - a potion of curing {unknown}
 i - a potion of heal wounds {unknown}
 s - a potion of brilliance {unknown}
 v - 2 potions of agility
 z - 2 potions of haste
 I - a potion of mutation {unknown}
 O - 2 potions of might {unknown}
 S - a potion of resistance {unknown}
Comestibles
 f - 5 rations
 W - 2 chunks of flesh


   Skills:
 + Level 7.6 Fighting
 - Level 3.0 Short Blades
 + Level 11.2(11.3) Axes
 + Level 2.1(6.4) Maces & Flails
 + Level 3.1 Throwing
 + Level 8.3 Armour
 + Level 3.5 Dodging
 + Level 2.4 Stealth
 + Level 1.7 Shields
 + Level 1.0 Evocations


You had 9 spell levels left.
You didn't know any spells.
Your spell library contained the following spells:

 Spells                   Type           Power        Failure   Level  Hunger
 Animate Skeleton         Necr           N/A          100%        1    ##.....
 Pain                     Necr           #...         100%        1    ##.....
 Regeneration             Chrm/Necr      #.........   100%        3    ####...
 Vampiric Draining        Necr           #.........   100%        3    ####...
 Animate Dead             Necr           N/A          100%        4    #####..


Dungeon Overview and Level Annotations

Branches:
Dungeon (9/15)             Temple (1/1) D:4            Lair (0/6) D:8
    Orc: D:9-12

Altars:
Cheibriados
Dithmenos
Elyvilon
Fedhas
Gozag
Hepliaklqana
Kikubaaqudgha
Makhleb
Nemelex Xobeh
Okawaru
Qazlal
Ru
Trog
Uskayaw
Vehumet
Wu Jian
Xom
Yredelemnul
Zin
The Shining One

Shops:
D:7 ?

Annotations:
D:7 2 transporters, Flugkiller's ghost, novice DDFi


Message History

The troll claws you.
* * * LOW HITPOINT WARNING * * *
The troll claws you but does no damage.
Throwing (i - inventory. (/) - cycle)
k - 20 tomahawks (quivered)
Press: ? - help, Shift-Dir - straight line, f/p - troll
Aim: a troll (severely wounded)
You throw a tomahawk.
The tomahawk hits the troll but does no damage.
The troll is severely wounded.
You repeatedly attack the troll from above.
You hit the troll but do no damage.
The troll is severely wounded.
You hit the troll.
The troll is severely wounded.
The troll bites you but does no damage. The troll claws you.
* * * LOW HITPOINT WARNING * * *
You block the troll's attack. The troll bites you!
* * * LOW HITPOINT WARNING * * *
You block the troll's attack. The troll claws you!
You die...

.<.....###.[..## #....#
.......# #..#†.####...#
.......###...#...#..(.#
.................#...#
.......#########.#.(.#
#...##.# #.#...#####
#.#....# #.##'###..#
#.###..# #§§((...(.#
#.# #### #@§....(..####
#.# #T§...(...)..# ..#
#......#####.# ###
#####..#(..#.#
#..#(..#.# #..#####.#
#........# #...._...#
#.......##


You could see a troll and 2 dancing weapons.

Vanquished Creatures
  Joseph (D:6)
  A hippogriff (D:7)
  A wraith (D:8)
  2 wyverns
  A hungry ghost (D:8)
  Edmund (D:5)
  A water moccasin (D:6)
  An ice beast (D:5)
  A sky beast (D:9)
  A black bear (D:8)
  2 orc warriors
  2 phantoms
  2 ogres
  3 centaurs
  A big kobold (D:8)
  5 bullfrogs
  A gnoll sergeant (D:6)
  2 scorpions
  7 howler monkeys
  A bullfrog zombie (D:8)
  2 crimson imps (D:7)
  3 jellies (D:9)
  A quasit (D:8)
  3 hounds
  2 orc wizards
  5 orc priests
  A centaur skeleton (D:4)
  Natasha (thrice) (D:3)
  An iguana (D:5)
  5 worker ants
  A killer bee zombie (D:7)
  A hound zombie (D:7)
  A howler monkey skeleton (D:6)
  11 gnolls
  8 adders
  5 oozes (D:9)
  An adder skeleton (D:4)
  3 worms
  A dart slug (D:2)
  5 leopard geckos
  18 orcs
  2 ball pythons
  8 bats
  3 giant cockroaches
  3 hobgoblins
  5 jackals
  14 kobolds
  2 quokkas
  4 frilled lizards
  A giant cockroach zombie (D:6)
  8 goblins
  A jackal skeleton (D:4)
  2 leopard gecko zombies (D:5)
  8 rats
179 creatures vanquished.

Vanquished Creatures (others)
  2 gnolls (D:4)
2 creatures vanquished.

Grand Total: 181 creatures vanquished

Notes
Turn   | Place    | Note
-------+----------+-------------------------------------------
     0 | D:1      | Hanswurst the Hill Orc Wanderer began the quest for the Orb.
     0 | D:1      | Hanswurst set off with: a +2 short sword, a scroll of teleportation, a potion of lignification, a +0 robe, a +0 dagger, a ration
     0 | D:1      | Reached XP level 1. HP: 18/18 MP: 1/1
   207 | D:1      | Reached XP level 2. HP: 24/25 MP: 2/2
   849 | D:2      | Reached XP level 3. HP: 29/31 MP: 3/3
   909 | D:2      | Reached skill level 1 in Axes
  1542 | D:2      | Reached XP level 4. HP: 27/40 MP: 4/4
  1730 | D:2      | Reached skill level 1 in Armour
  2057 | D:3      | Reached skill level 2 in Axes
  2090 | D:3      | Noticed Natasha
  2106 | D:3      | Killed Natasha
  2227 | D:3      | Reached skill level 1 in Dodging
  2227 | D:3      | Reached XP level 5. HP: 40/46 MP: 5/5
  2281 | D:3      | Reached skill level 3 in Axes
  2697 | D:3      | Found a hazy altar of Hepliaklqana.
  2763 | D:3      | Noticed Natasha
  2771 | D:3      | Killed Natasha
  2878 | D:3      | Noticed Natasha
  2889 | D:3      | Killed Natasha
  3085 | D:4      | Reached skill level 4 in Axes
  3161 | D:4      | Reached XP level 6. HP: 52/52 MP: 6/6
  3195 | D:4      | Found a basalt altar of Yredelemnul.
  3513 | D:4      | Reached skill level 1 in Throwing
  3709 | D:4      | Found a staircase to the Ecumenical Temple.
  3718 | Temple   | Entered the Ecumenical Temple
  3838 | Temple   | Became a worshipper of the Wu Jian Council
  4174 | D:4      | Reached skill level 5 in Axes
  4531 | D:5      | Entered Level 5 of the Dungeon
  4604 | D:5      | Noticed an ice beast
  4745 | D:5      | Reached * piety under Wu Jian
  4745 | D:5      | Reached XP level 7. HP: 53/59 MP: 7/7
  4882 | D:5      | Found a snail-covered altar of Cheibriados.
  4996 | D:5      | Reached skill level 6 in Axes
  5683 | D:5      | Found an iron altar of Okawaru.
  5732 | D:5      | Found a glowing silver altar of Zin.
  5732 | D:5      | Noticed an angel
  5926 | D:6      | Reached skill level 7 in Axes
  5937 | D:6      | Reached XP level 8. HP: 57/67 MP: 8/8
  6069 | D:6      | Noticed Edmund
  6202 | D:5      | Reached skill level 5 in Fighting
  6202 | D:5      | Reached skill level 5 in Armour
  6391 | D:5      | Killed Edmund
  6808 | D:6      | Found a shadowy altar of Dithmenos.
  6849 | D:6      | Reached skill level 8 in Axes
  6928 | D:6      | Found a white marble altar of Elyvilon.
  6937 | D:6      | Found a blossoming altar of Fedhas.
  7057 | D:6      | Found an ancient bone altar of Kikubaaqudgha.
  7591 | D:7      | Noticed Joseph
  7720 | D:6      | Killed Joseph
  7720 | D:6      | Reached skill level 9 in Axes
  7720 | D:6      | Reached XP level 9. HP: 51/75 MP: 9/9
  7790 | D:7      | Found a transporter.
  7943 | D:7      | Found Xish's Magic Scroll Shop.
  8212 | D:7      | Found a radiant altar of Vehumet.
  8387 | D:7      | Reached skill level 10 in Axes
  8630 | D:7      | Found a transporter.
  8630 | D:7      | Noticed Flugkiller's ghost (novice DDFi)
  8632 | D:7      | Reached skill level 1 in Shields
  8747 | D:7      | Reached ** piety under Wu Jian
  9078 | D:7      | Upgraded the game from 0.22.0-27-ga576289601 to 0.22.0-35-ge4bf2f5f59
  9277 | D:8      | Found a staircase to the Lair.
  9339 | D:8      | Reached XP level 10. HP: 86/86 MP: 10/10
  9776 | D:8      | Reached skill level 11 in Axes
 10211 | D:9      | Noticed a dagger
 10211 | D:9      | Noticed a dagger
 10216 | D:9      | Found a hide-covered altar of Uskayaw.
 10289 | D:9      | Slain by a troll

Skill      XL: |  1  2  3  4  5  6  7  8  9 10 |
---------------+-------------------------------+-----
Stealth        | 2 |  2.4
Fighting       | 3 4 5 7 |  7.6
Axes           | 1 2 4 5 7 9 10 11 | 11.2
Armour         | 1 2 3 4 6 7 8 |  8.3
Dodging        | 1 2 3 |  3.5
Throwing       | 1 2 3 |  3.1
Shields        | 1 |  1.7
Short Blades   | |  3.0
Maces & Flails | |  2.1
Evocations     | |  1.0

Action                   |  1- 3 |  4- 6 |  7- 9 | 10-12 || total
-------------------------+-------+-------+-------+-------++-------
Melee: Short sword       |     8 |       |       |       ||     8
       Hand axe          |    96 |   272 |       |       ||   368
       War axe           |       |    20 |   385 |   169 ||   574
Throw: Tomahawk          |     4 |    17 |    50 |    30 ||   101
       Stone             |     5 |       |       |       ||     5
Invok: Lunge             |       |     2 |    10 |     1 ||    13
       Whirlwind         |       |       |    94 |    22 ||   116
       Wall Jump         |       |       |    22 |    23 ||    45
Evoke: Wand              |       |       |       |     2 ||     2
  Use: Scroll            |       |     2 |       |     2 ||     4
       Potion            |       |     1 |       |       ||     1
  Eat: Chunk             |     1 |    12 |    14 |     1 ||    28
       Ration            |       |       |       |     7 ||     7
Armor: Leather armour    |    15 |       |       |       ||    15
       Chain mail        |    62 |   139 |    42 |       ||   243
       Skin              |       |    11 |       |       ||    11
       Scale mail        |       |       |   101 |    91 ||   192
Dodge: Dodged            |    50 |   128 |   157 |    73 ||   408
Block: Buckler           |       |       |    35 |    13 ||    48
       Large shield      |       |       |       |    48 ||    48
